 Dungeon Crawl Stone Soup version 0.21-a0-531-gacddea6 (webtiles) character file.

13162 Amnesiac the Earth Mage (level 11, 0/60 HPs)
             Began as a Deep Elf Earth Elementalist on Dec 13, 2017.
             Was a High Priest of Sif Muna.
             Slain by a slime creature (22 damage)
             ... on level 10 of the Dungeon.
             The game lasted 00:17:56 (9440 turns).

Amnesiac the Earth Mage (DEEE)                      Turns: 9440, Time: 00:17:57

Health: 0/60       AC:  7    Str:  5    XL:     11   Next: 72%
Magic:  0/30       EV: 13    Int: 29    God:    Sif Muna [*****.]
Gold:   252        SH:  0    Dex: 15    Spells: 22/37 levels left

rFire    + . .     SeeInvis .   e - staff of air
rCold    . . .     Gourm    .   (no shield)
rNeg     . . .     Faith    .   y - +2 robe {MR+}
rPois    .         Spirit   .   x - +0 helmet
rElec    +         Reflect  .   (no cloak)
rCorr    .         Harm     +   (no gloves)
MR       ++...                  C - +1 pair of boots
Stlth    ++........             s - amulet of harm
HPRegen  0.20/turn              P - ring of protection from fire
MPRegen  0.22/turn              H - +5 ring of intelligence

@: divine energy
A: no striking features
a: Stop Divine Energy, Channel Magic, Forget Spell, Renounce Religion


You were on level 10 of the Dungeon.
You worshipped Sif Muna.
Sif Muna was extremely pleased with you.
You were not hungry.

You visited 1 branch of the dungeon, and saw 10 of its levels.

You collected 499 gold pieces.
You spent 247 gold pieces at shops.

Inventory:

Hand Weapons
 j - a +1 dagger of venom
Missiles
 b - 143 stones (quivered)
 r - 2 poisoned javelins
 N - 4 curare-tipped needles
Armour
 x - a +0 helmet (worn)
 y - a +2 robe of magic resistance (worn)
 C - a +1 pair of boots (worn)
Magical Staves
 e - an uncursed staff of air (weapon)
Jewellery
 s - an amulet of harm (around neck)
 E - an uncursed ring of flight
 H - a +5 ring of intelligence (right hand)
 L - a +2 ring of slaying
 P - a ring of protection from fire (left hand)
Wands
 o - a wand of paralysis (20)
 D - a wand of acid (7)
Scrolls
 a - 2 scrolls of fog {!r}
 g - 2 scrolls of remove curse {!r}
 k - a scroll of enchant armour {!r}
 n - 3 scrolls of immolation {!r}
 t - a scroll of noise {!r}
 F - 2 scrolls of teleportation {!r}
 O - 2 scrolls of enchant weapon {!r}
Potions
 f - 4 potions of magic {!q}
 h - a potion of berserk rage {!q}
 i - 7 potions of curing {!q}
 p - 3 potions of agility {!q}
 q - 2 potions of brilliance {!q}
 u - a potion of degeneration {!q, unknown}
 v - 5 potions of heal wounds {!q}
 A - 2 potions of lignification {!q}
 B - 2 potions of mutation {!q}
 G - a potion of cancellation {!q}
 K - a potion of flight {!q}
Books
 c - a book of the Earth

   Spells                             Type                      Level
   a - Leda's Liquefaction            Hexes/Earth                  4
   b - Bolt of Magma                  Conjuration/Fire/Earth       5
   c - Statue Form                    Transmutation/Earth          6
   d - Iron Shot                      Conjuration/Earth            6
   e - Shatter                        Earth                        9
Comestibles
 d - 5 bread rations
 l - a chunk of flesh
 m - 7 meat rations
 w - 4 fruits
 M - 2 royal jellies


   Skills:
 - Level 3.3 Fighting
 - Level 3.3 Dodging
 - Level 2.4 Stealth
 + Level 13.8 Spellcasting
 - Level 1.1 Transmutations
 * Level 15.6 Earth Magic


You had 22 spell levels left.
You knew the following spells:

 Your Spells              Type           Power        Failure   Level  Hunger
a - Sandblast             Erth           ######       0%          1    None
b - Passwall              Tmut/Erth      ######....   1%          2    None
c - Stone Arrow           Conj/Erth      ######       1%          3    None
d - Lee's Rapid Deconstr  Erth           #######...   1%          5    None
e - Petrify               Tmut/Erth      ######..     1%          4    None


Dungeon Overview and Level Annotations

Branches:
Dungeon (10/15)            Temple (0/1) D:7            Lair (0/6) D:9
    Orc: D:9-12

Altars:
Dithmenos
Fedhas
Gozag
Kikubaaqudgha
Sif Muna
Uskayaw
Vehumet
Wu Jian
Xom
Zin
The Shining One

Shops:
D:6 !   D:7 (

Annotations:
D:3 Ijyb


Message History

The blast of rock fragments hits the two-headed ogre.
You kill the two-headed ogre!
Sif Muna accepts your kill.
You hear a shout!
Unknown command.
You start resting.
A troll comes into view.
Casting: Lee's Rapid Deconstruction
Confirm with . or Enter, or press ? or * to list all spells.
Aiming: Lee's Rapid Deconstruction
Press: ? - help, Dir - move target cursor The wall shatters!
The blast of rock fragments hits the troll.
The troll is heavily wounded.
Unknown command.
Casting: Lee's Rapid Deconstruction
Confirm with . or Enter, or press ? or * to list all spells.
Aiming: Lee's Rapid Deconstruction
Press: ? - help, Dir - move target cursor The wall shatters!
The blast of rock fragments hits the troll.
The troll is almost dead.
Sif Muna grants you divine energy.
You briefly lose access to your magic!
Unknown command.
A slime creature comes into view.
The slime creature quivers.
The troll misses you. The troll claws you.
* * * LOW HITPOINT WARNING * * *
The troll claws you.
* * * LOW HITPOINT WARNING * * *
You regain access to your magic.
An adder comes into view.
Casting: Lee's Rapid Deconstruction
Confirm with . or Enter, or press ? or * to list all spells.
Aiming: Sandblast
Press: ? - help, Shift-Dir - straight line, f - troll
Aim: a troll (severely wounded)
The blast of sand misses the troll.
b - 144 stones The troll bites you!
* * * LOW HITPOINT WARNING * * *
The troll claws you.
* * * LOW HITPOINT WARNING * * *
The troll closely misses you.
A crimson imp comes into view.
Unknown command.
Casting: Sandblast
Confirm with . or Enter, or press ? or * to list all spells.
Aiming: Sandblast
Press: ? - help, Shift-Dir - straight line, f/p - troll
Aim: a troll (severely wounded)
The blast of sand hits the troll.
You kill the troll!
Sif Muna accepts your kill.
b - 143 stones Unknown command.
Okay, then.
Really quaff
v - 6 potions of heal wounds {!q}?
You feel much better. The slime creature hits you!
* * * LOW HITPOINT WARNING * * *
Okay, then.
The adder bites you but does no damage. The slime creature hits you!!
You die...

####### #.†...#
#J@...# #gS...#
#...†..#
#....5.############
#..).))....p.......
#†.÷....####.....#.
...Y....†.......
.....†.
....##......####
#.#.#.# ...
######.# .# ...


You could see a slime creature, a gnoll, a crimson imp and an adder.

Vanquished Creatures
  4 two-headed ogres
  A wizard (D:10)
  The ghost of Regeox the Poker, a novice DsCK of Xom (D:8)
  A manticore (D:10)
  Joseph (D:7)
  A guardian serpent (shapeshifter) (D:10)
  A spiny frog (shapeshifter) (D:10)
  Psyche (D:9)
  2 trolls (D:10)
  2 hornets
  12 yaks (D:9)
  A wyvern (D:10)
  Menkaure (D:7)
  A hungry ghost (D:8)
  Edmund (D:5)
  Duvessa (D:4)
  4 porcupines (D:9)
  3 ice beasts
  2 orc warriors
  2 phantoms (D:3)
  A black bear (D:10)
  4 necrophages
  6 ogres
  3 centaurs
  Dowan (D:4)
  3 bullfrogs
  A scorpion (D:10)
  6 wights
  7 killer bees
  7 howler monkeys
  4 crimson imps
  2 centaur zombies (D:8)
  5 hounds
  2 centaur skeletons
  9 orc priests
  2 bullfrog skeletons
  2 iguanas
  11 orc wizards
  12 worker ants
  2 killer bee zombies
  3 hound skeletons
  2 worker ant zombies
  2 gnolls (D:10)
  12 adders
  3 shadow imps
  An adder zombie (D:8)
  3 adder skeletons
  6 worms
  A dart slug (D:4)
  3 leopard geckos
  33 orcs
  10 bats
  12 giant cockroaches
  4 goblins
  11 hobgoblins
  9 jackals
  7 quokkas
  A ball python zombie (D:6)
  3 frilled lizards
  7 kobolds
  A leopard gecko skeleton (D:6)
  7 rats
  A fungus (D:9)
  3 plants (D:8)
278 creatures vanquished.

Vanquished Creatures (others)
  A fungus (D:9)
1 creature vanquished.

Grand Total: 279 creatures vanquished

Notes
Turn   | Place    | Note
-------+----------+-------------------------------------------
     0 | D:1      | Amnesiac the Deep Elf Earth Elementalist began the quest for the Orb.
     0 | D:1      | Reached XP level 1. HP: 10/10 MP: 6/6
   288 | D:1      | Reached XP level 2. HP: 14/16 MP: 4/8
   373 | D:1      | Reached skill level 1 in Fighting
   892 | D:1      | Learned a level 2 spell: Passwall
   945 | D:2      | Reached XP level 3. HP: 11/20 MP: 10/10
  1052 | D:2      | Learned a level 3 spell: Stone Arrow
  1282 | D:2      | Found a faded altar of an unknown god.
  1585 | D:3      | Found an opulent altar of Gozag.
  1586 | D:3      | Reached XP level 4. HP: 26/26 MP: 11/11
  1638 | D:3      | Reached skill level 4 in Earth Magic
  1653 | D:3      | Learned a level 4 spell: Petrify
  1667 | D:3      | Found an ancient bone altar of Kikubaaqudgha.
  1756 | D:3      | Noticed a phantom
  1761 | D:3      | Killed a phantom
  1761 | D:3      | Reached XP level 5. HP: 32/32 MP: 7/13
  1776 | D:3      | Noticed a phantom
  1784 | D:3      | Killed a phantom
  1784 | D:3      | Reached XP level 6. HP: 37/37 MP: 4/15
  1786 | D:3      | Noticed Ijyb
  2145 | D:3      | Reached skill level 5 in Spellcasting
  2163 | D:3      | Found a radiant altar of Vehumet.
  2163 | D:3      | Found an ancient bone altar of Kikubaaqudgha.
  2192 | D:3      | Found a deep blue altar of Sif Muna.
  2197 | D:3      | Identified Kikubaaqudgha's Catalogue of Stolen Souls
  2206 | D:3      | Learned a level 5 spell: Lee's Rapid Deconstruction
  2213 | D:3      | Became a worshipper of Sif Muna the Loreminder
  2389 | D:4      | Found a glowing silver altar of Zin.
  2578 | D:4      | Reached skill level 5 in Earth Magic
  2602 | D:4      | Noticed Duvessa
  2611 | D:4      | Noticed Dowan
  2692 | D:4      | Killed Duvessa
  2856 | D:4      | Killed Dowan
  2856 | D:4      | Reached XP level 7. HP: 21/41 MP: 9/17
  3030 | D:4      | Reached skill level 6 in Earth Magic
  3388 | D:5      | Entered Level 5 of the Dungeon
  3547 | D:5      | Reached * piety under Sif Muna
  3569 | D:5      | Reached skill level 7 in Earth Magic
  3739 | D:5      | Noticed a hornet
  3742 | D:5      | Killed a hornet
  3742 | D:5      | Reached XP level 8. HP: 46/46 MP: 5/20
  3822 | D:5      | Noticed Edmund
  3848 | D:5      | Killed Edmund
  3848 | D:5      | Reached skill level 8 in Earth Magic
  4041 | D:5      | Reached ** piety under Sif Muna
  4590 | D:6      | Found a shimmering altar of Xom.
  4859 | D:6      | Found Newien's Distillery.
  4865 | D:6      | Bought a potion of mutation for 104 gold pieces
  4865 | D:6      | Bought a potion of curing for 39 gold pieces
  4865 | D:6      | Bought a potion of heal wounds for 65 gold pieces
  4865 | D:6      | Bought a potion of flight for 39 gold pieces
  5521 | D:7      | Reached skill level 9 in Earth Magic
  5523 | D:7      | Noticed Joseph
  5787 | D:7      | Noticed Menkaure
  5789 | D:7      | Killed Menkaure
  5861 | D:7      | Killed Joseph
  5861 | D:7      | Reached *** piety under Sif Muna
  5861 | D:7      | Reached skill level 10 in Earth Magic
  5861 | D:7      | Reached XP level 9. HP: 48/51 MP: 0/24
  6337 | D:7      | Found a staircase to the Ecumenical Temple.
  6410 | D:7      | Reached skill level 11 in Earth Magic
  6522 | D:7      | Found an ornate altar of the Wu Jian Council.
  6616 | D:7      | Reached skill level 10 in Spellcasting
  6829 | D:7      | Found Suat's Weapon Shoppe.
  6957 | D:8      | Noticed Regeox's ghost (novice DsCK)
  6964 | D:8      | Killed Regeox's ghost
  6964 | D:8      | Reached **** piety under Sif Muna
  7031 | D:8      | Noticed a two-headed ogre
  7035 | D:8      | Killed a two-headed ogre
  7035 | D:8      | Reached skill level 12 in Earth Magic
  7035 | D:8      | Reached XP level 10. HP: 56/56 MP: 2/27
  7500 | D:8      | Found a hide-covered altar of Uskayaw.
  7529 | D:8      | Found a blossoming altar of Fedhas.
  7577 | D:8      | Found a glowing golden altar of the Shining One.
  7624 | D:8      | Noticed a two-headed ogre
  7634 | D:8      | Killed a two-headed ogre
  7634 | D:8      | Reached skill level 13 in Earth Magic
  7666 | D:8      | Reached ***** piety under Sif Muna
  7770 | D:8      | Received a gift from Sif Muna
  8175 | D:9      | Found a shadowy altar of Dithmenos.
  8218 | D:9      | Noticed Psyche
  8221 | D:9      | Killed Psyche
  8332 | D:9      | Reached skill level 14 in Earth Magic
  8446 | D:9      | Reached XP level 11. HP: 60/60 MP: 19/29
  8849 | D:9      | Found a staircase to the Lair.
  9066 | D:10     | Identified a paperback manual
  9066 | D:10     | Entered Level 10 of the Dungeon
  9067 | D:10     | Noticed a two-headed ogre
  9070 | D:10     | Killed a two-headed ogre
  9096 | D:10     | Noticed a catoblepas
  9099 | D:10     | Noticed a wizard
  9240 | D:10     | Reached skill level 15 in Earth Magic
  9264 | D:10     | Received a gift from Sif Muna
  9325 | D:10     | Killed a wizard
  9414 | D:10     | Noticed a two-headed ogre
  9417 | D:10     | Killed a two-headed ogre
  9440 | D:10     | Slain by a slime creature

Vault maps used:
D:1:      dpeg_arrival_circle_labyrinth_c, fountainhead, minmay_tetromino_s2
D:2:      minmay_roachtagon, chequers_ecumenical_altar_island, first_bread
D:3:      grunt_temple_overflow_magic_moments, kennysheep_flooded_box,
          nicolae_gozag_seed_capital, uniq_ijyb
D:4:      old_standard_altar, uniq_duvessa
D:5:      uniq_edmund
D:6:      xom_teletrap_fun, serial_shops, shop
D:7:      kennysheep_mini, minmay_temple_entry_glass, serial_shops, shop,
          uniq_joseph, uniq_menkaure
D:8:      nicolae_tso_swordbearing_angel, lemuel_doored_altar,
          fedhas_altar_decomposition
D:9:      nicolae_dithmenos_through_a_glass_darkly,
          grunt_lair_entry_orc_guard_hut, uniq_psyche
D:10:     minmay_the_grid_four_pointed_star_mashed, serial_shops,
          nicolae_shop_behind_doors, special_room

Skill      XL: |  1  2  3  4  5  6  7  8  9 10 11 |
---------------+----------------------------------+-----
Fighting       | 1 2 3 |  3.3
Spellcasting   | 4 5 7 9 11 12 13 | 13.8
Earth Magic    | 4 5 7 10 12 14 15 | 15.6
Dodging        | 3 |  3.3
Stealth        | |  2.4
Transmutations | |  1.1

Action                   |  1- 3 |  4- 6 |  7- 9 | 10-12 || total
-------------------------+-------+-------+-------+-------++-------
Melee: Unarmed           |     4 |       |       |       ||     4
       Dagger            |    60 |     4 |       |       ||    64
       Staff             |       |       |       |     3 ||     3
 Cast: Sandblast         |    43 |    67 |    74 |    57 ||   241
       Lee's Rapid Decon |       |     2 |    39 |    68 ||   109
       Petrify           |       |     1 |     8 |     5 ||    14
       Stone Arrow       |       |       |       |     1 ||     1
Invok: Divine Energy     |       |       |     1 |       ||     1
       Channel Magic     |       |       |       |     1 ||     1
  Use: Scroll            |       |       |       |    16 ||    16
       Potion            |       |       |       |     1 ||     1
 Stab: Sleeping          |     2 |     1 |       |       ||     3
  Eat: Chunk             |     2 |     4 |    18 |     9 ||    33
       Royal jelly       |       |       |     1 |       ||     1
       Fruit             |       |       |       |     1 ||     1
Armor: Robe              |    12 |     2 |     4 |     5 ||    23
Dodge: Dodged            |    48 |     8 |    14 |    20 ||    90

Table legend:
 A = Spawn XP
 B = Non-spawn XP
 C = Spawn XP percentage of total XP
 D = Spawn monster count
 E = Non-spawn monster count
 F = Spawn count percentage of total count
 G = Total turns spent on level
                    A         B        C        D         E        F      G
               +---------+---------+-------+---------+---------+-------+---------
         Total |       0 |   18804 |   0.0 |       0 |     274 |   0.0 |  9440
               +---------+---------+-------+---------+---------+-------+---------
           D:1 |       0 |      34 |   0.0 |       0 |      20 |   0.0 |   893
           D:2 |       0 |      61 |   0.0 |       0 |      24 |   0.0 |   670
           D:3 |       0 |     369 |   0.0 |       0 |      29 |   0.0 |   912
           D:4 |       0 |     417 |   0.0 |       0 |      15 |   0.0 |   913
           D:5 |       0 |    1004 |   0.0 |       0 |      25 |   0.0 |   991
           D:6 |       0 |     218 |   0.0 |       0 |      14 |   0.0 |  1448
           D:7 |       0 |    1964 |   0.0 |       0 |      33 |   0.0 |  1097
           D:8 |       0 |    4046 |   0.0 |       0 |      46 |   0.0 |  1000
           D:9 |       0 |    4608 |   0.0 |       0 |      37 |   0.0 |  1253
          D:10 |       0 |    6083 |   0.0 |       0 |      31 |   0.0 |   263
               +---------+---------+-------+---------+---------+-------+---------
